 Dungeon Crawl Stone Soup version 0.29-a0-870-g2c972031a6 (webtiles) character file.

Game seed: 6590889298820785271

37 HoaS the Shooter (level 3, -4/18 HPs)
             Began as a Spriggan Hunter on July 17, 2022.
             Slain by a gnoll
             ... wielding a +0 spear
              (8 damage)
             ... on level 2 of the Dungeon.
             The game lasted 00:02:14 (635 turns).

HoaS the Shooter (Spriggan Hunter)                   Turns: 635, Time: 00:02:14

Health: -4/18      AC:  2    Str:  7    XL:     3   Next: 23%
Magic:  4/4        EV: 18    Int: 10    God:
Gold:   60         SH:  0    Dex: 20    Spells: 2/2 levels left

rFire   . . .      SeeInvis +   a - +0 shortbow
rCold   . . .      Faith    .   (shield currently unavailable)
rNeg    . . .      Spirit   .   c - +0 robe
rPois   .          Reflect  .   (helmet restricted)
rElec   .          Harm     .   (no cloak)
rCorr   .          Rampage  .   (gloves unavailable)
Will    .....                   (boots unavailable)
Stlth   ++........              (no amulet)
HPRegen 0.06/turn               (no ring)
MPRegen 0.09/turn               (no ring)

@: very quick
A: very small, no large weapons, unfitting armour, see invisible, speed 3
a: no special abilities


You were on level 2 of the Dungeon.
You visited 1 branch of the dungeon, and saw 2 of its levels.

You collected 60 gold pieces.

Inventory:

Hand Weapons
 a - a +0 shortbow (weapon)
Armour
 c - a +0 robe (worn)
Scrolls
 b - a scroll of immolation
 d - a scroll of silence {unknown}
 e - a scroll of enchant weapon {unknown}
 h - a scroll of identify {unknown}
 i - a scroll of fear {unknown}
 j - a scroll of magic mapping {unknown}
 l - a scroll of teleportation {unknown}
Potions
 f - a potion of invisibility {unknown}
 g - a potion of curing {unknown}
 k - a potion of flight {unknown}


   Skills:
 - Level 1.5 Fighting
 + Level 5.1 Ranged Weapons
 - Level 2.6 Dodging
 - Level 1.5 Stealth


You had 2 spell levels left.
You didn't know any spells.
Your spell library contained the following spells:

 Spells                   Type           Power      Damage    Failure   Level
 Ensorcelled Hibernation  Hex/Ice        0%         N/A       50%         2
 Passwall                 Tmut/Erth      0%         N/A       50%         2
 Swiftness                Air            0%         N/A       75%         3


Dungeon Overview and Level Annotations

Branches:
Dungeon (2/15)

Altars:


Innate Abilities, Weirdness & Mutations

You are very small and have problems with some larger weapons.
You are too small for most types of armour.
You have supernaturally acute eyesight. (SInv)
You cover ground extremely quickly. (Speed+++)


Message History

You kill the kobold!
The jackal closely misses you.
You shoot an arrow. The arrow closely misses the jackal.
The arrow misses the jackal.
The jackal completely misses you. The jackal bites you.
You shoot an arrow. The arrow hits the jackal.
The jackal is heavily wounded.
You hear a shout!
The jackal barely misses you. x2
You shoot an arrow.
The arrow hits the jackal but does no damage.
The jackal is heavily wounded.
The jackal barely misses you. x2
You shoot an arrow. The arrow hits the jackal!
You kill the jackal!
You hear a shout!
The jackal barely misses you.
You shoot an arrow. The arrow hits the jackal!
You kill the jackal!
A gnoll comes into view. It is wielding a +0 spear.
You shoot an arrow. The arrow hits the ball python.
The ball python is severely wounded.
The ball python closely misses you.
The ball python completely misses you. x2
The ball python closely misses you.
You shoot an arrow. The jackal barks!
The arrow hits the ball python!
You kill the ball python!
A gnoll comes into view. It is wielding a +0 whip.
The gnoll hits you from afar with a +0 spear.
The gnoll closely misses you.
A gnoll comes into view. It is wielding a +0 flail.
There is a stone staircase leading up here.
You shoot an arrow. The arrow barely misses the gnoll.
The gnoll hits you from afar with a +0 spear.
You shoot an arrow. The arrow barely misses the gnoll.
The gnoll hits you from afar with a +0 spear!
* * * LOW HITPOINT WARNING * * *
The gnoll hits you from afar with a +0 spear!
You die...

.....###h.#
.........##
)......).#
......#†##
>....##.##
#...##..h#
#### #.#g#
..g#.##
g.####.@#
..# ##.# .
#... #..##
####


You could see a gnoll and a jackal.

Vanquished Creatures
  An adder (D:2)
  A dart slug (D:1)
  4 ball pythons
  2 endoplasms
  A giant cockroach (D:1)
  2 jackals (D:2)
  4 kobolds
  A quokka (D:1)
  5 bats (D:1)
  A frilled lizard (D:1)
  A goblin (D:2)
  A rat (D:1)
24 creatures vanquished.

Notes
Turn   | Place    | Note
-------+----------+-------------------------------------------
     0 | D:1      | HoaS the Spriggan Hunter began the quest for the Orb.
     0 | D:1      | Reached XP level 1. HP: 10/10 MP: 2/2
   115 | D:1      | Reached XP level 2. HP: 14/14 MP: 3/3
   622 | D:2      | Reached skill level 5 in Ranged Weapons
   622 | D:2      | Reached XP level 3. HP: 18/18 MP: 4/4
   635 | D:2      | Slain by a gnoll

Illustrated notes

Levels and vault maps discovered:
D:1:      dpeg_arrival_rooms_with_view, layout_basic, grunt_decor_junction,
          fountainhead, kennysheep_boxes
D:2:      layout_rooms, serial_shops, nicolae_shop_statue_plus,
          serial_bayou_pond_e

Skill      XL: |  1  2 |
---------------+-------+-----
Ranged Weapons | 5 |  5.1
Fighting       | |  1.5
Dodging        | |  2.6
Stealth        | |  1.5

Action                   || total
-------------------------++-------
 Fire: Shortbow          ||    45
Dodge: Dodged            ||    19

Table legend: (Time is in decaauts)
 A = Elapsed time spent in this place.
 B = Non-inter-level travel time spent in this place.
 C = Inter-level travel time spent in this place.
 D = Time resting spent in this place.
 E = Time spent auto-exploring this place.
 F = Levels seen in this place.
 G = Mean time per level.
                   A        B        C        D        E       F      G
               +--------+--------+--------+--------+--------+-----+--------+
         Total |    419 |    412 |      7 |      0 |    319 |   2 |  209.5 |
       Dungeon |    419 |    412 |      7 |      0 |    319 |   2 |  209.5 |
               +--------+--------+--------+--------+--------+-----+--------+

Top non-repeatable levels by time:
     D:1: 385 daAuts
     D:2: 34 daAuts
